 Dungeon Crawl Stone Soup version 0.31-a0-774-g0d66cbabe8 (webtiles) character file.

Game seed: 5593477492591263713

90 Shayle the Trooper (level 4, 0/45 HPs)
             Began as an Ogre Hexslinger on Sept 17, 2023.
             Slain by an orc wizard
             ... wielding a +0 dagger
              (1 damage)
             ... on level 3 of the Dungeon.
             The game lasted 00:06:03 (2007 turns).

Shayle the Trooper (Ogre Hexslinger)                Turns: 2007, Time: 00:06:04

Health: 0/45       AC:  3    Str: 12      XL:     4   Next: 56%
Magic:  8/8        EV:  9    Int: 14 (16) God:
Gold:   107        SH:  0    Dex: 10 (11) Spells: 8/8 levels left

rFire   . . .        a - +1 sling
rCold   . . .        (no shield)
rNeg    . . .        c - +0 robe
rPois   .            (helmet restricted)
rElec   .            (no cloak)
rCorr   .            (gloves unavailable)
SInv    .            (boots unavailable)
Will    .....        (no amulet)
Stlth   +            (no ring)
HPRegen 0.27/turn    (no ring)
MPRegen 0.11/turn

%: no passive effects
@: no status effects
A: large, unfitting armour, tough skin 1
a: no special abilities


You were on level 3 of the Dungeon.
You visited 1 branch of the dungeon, and saw 3 of its levels.

You collected 107 gold pieces.

Inventory:

Hand Weapons
 a - a +1 sling (weapon)
Armour
 c - a +0 robe (worn)
 j - a +0 cloak
Scrolls
 d - a scroll of revelation
 f - a scroll of immolation
 i - 3 scrolls of identify
Potions
 e - a potion of magic


   Skills:
 + Level 3.4 Fighting
 + Level 2.2 Ranged Weapons
 - Level 1.7 Dodging
 + Level 2.7 Spellcasting
 - Level 2.6 Hexes
 - Level 0.8 Fire Magic


You had 8 spell levels left.
You didn't know any spells.
Your spell library contained the following spells:

 Spells                   Type           Power      Damage    Failure   Level
 Jinxbite                 Hex            18%        N/A       11%         2
 Sigil of Binding         Hex            9%         N/A       22%         3
 Static Discharge         Conj/Air       2%         2-3/arc   32%         2
 Wereblood                Tmut           1%         N/A       32%         2
 Inner Flame              Hex/Fire       6%         N/A       32%         3
 Cause Fear               Hex            4%         N/A       58%         4
 Dimensional Bullseye     Hex/Tloc       2%         N/A       77%         4
 Flame Wave               Conj/Fire      3%         2d5       88%         4
 Sticky Flame             Conj/Fire      3%         2d3       88%         4
 Airstrike                Air            0%         2d(1-17)  91%         4
 Summon Lightning Spire   Summ/Air       1%         N/A       91%         4
 Irradiate                Conj/Tmut      0%         3d11      99%         5


Dungeon Overview and Level Annotations

Branches:
Dungeon (3/15)

Altars:
Uskayaw


Innate Abilities, Weirdness & Mutations

You are too large for most types of armour.
You have tough skin. (AC +1)


Message History

As you read the scroll of poison, it crumbles to dust.
Something hits you.
* * * LOW HITPOINT WARNING * * *
Okay, then.
As you read the scroll labelled XAD UHIATEAGG, it crumbles to dust.
You feel aware of your surroundings.
It was a scroll of revelation.
The orc wizard hits you with a +0 dagger.
* * * LOW HITPOINT WARNING * * *
You shoot a sling bullet.
The sling bullet barely misses the orc wizard.
The sling bullet barely misses the orc.
Something hits you but does no damage.
You shoot a sling bullet.
The sling bullet closely misses the orc.
Something hits you.
* * * LOW HITPOINT WARNING * * *
You shoot a sling bullet. The sling bullet barely misses the orc.
Something hits you.
* * * LOW HITPOINT WARNING * * *
You hear some strange, mumbled words.
Something tries to affect you, but you resist.
Okay, then.
Okay, then.
You shoot a sling bullet. The sling bullet hits the orc!
You kill the orc!
Something hits you but does no damage.
You feel your intelligence returning.
Unknown command.
You shoot a sling bullet.
The sling bullet closely misses the orc.
Something hits you.
* * * LOW HITPOINT WARNING * * *
Unknown command.
You shoot a sling bullet. The sling bullet barely misses the orc.
Something hits you.
* * * LOW HITPOINT WARNING * * *
Unknown command.
You shoot a sling bullet. The sling bullet hits the orc.
The orc is lightly wounded.
Something hits you.
You die...

,*****#...#.....###.###.#.##.#
,,,,,,..................#.##.#
,,*,,,...°...######.###.#....#
,,*,,,...°§......§§§☼...######***
,,*,,,...☼°○.#.##○#§###.......,,*
,,,,,,...§°°§#.#§°○.......####*,*
,***,,...☼°§§°.#☼○#.........***,*
,* *,,...☼☼☼☼§.#§○#§#°§§#.#..#*,*
>* *,,...☼§☼§☼o.@§°§°°☼§#.##.#*,*
****,,...§§°○§°####§°§§§#.#*.#*,*
,,,,,,...°§§§§...##.#####,**,**,*
,,,,,,...§☼§§....##.....>,**,**,*
,,,,,,...○☼§.....#######****,,,,*
,,*,,,...§○......####### ******
,,*,,,...§.......#######
,,*,,,,.....$..#########
,,,,,,,,,,,,,,,,*


You could see an orc.

Vanquished Creatures
  Robin (D:1)
  2 dart slugs
  2 orcs (D:3)
  8 endoplasms
  3 giant cockroaches
  12 goblins
  8 hobgoblins
  7 kobolds
  3 quokkas (D:1)
  5 ball pythons
  9 bats
  A frilled lizard (D:1)
  4 rats
65 creatures vanquished.

Notes
Turn   | Place    | Note
-------+----------+-------------------------------------------
     0 | D:1      | Shayle the Ogre Hexslinger began the quest for the Orb.
     0 | D:1      | Reached XP level 1. HP: 19/19 MP: 2/2
   116 | D:1      | Reached XP level 2. HP: 28/28 MP: 4/4
   130 | D:1      | Reached skill level 2 in Fighting
   555 | D:1      | Reached XP level 3. HP: 36/36 MP: 6/6
   736 | D:1      | Found a hide-covered altar of Uskayaw.
   754 | D:2      | Noticed Robin
   941 | D:1      | Killed Robin
  1047 | D:2      | Reached skill level 3 in Fighting
  1099 | D:2      | Reached XP level 4. HP: 45/45 MP: 7/7
  2005 | D:3      | HP: 2/45 [something (3)]
  2007 | D:3      | Slain by an orc wizard

Illustrated notes

Levels and vault maps discovered:
D:1:      dpeg_arrival_water_altar, layout_basic
D:2:      layout_basic, uniq_robin
D:3:      layout_basic

Skill      XL: |  1  2  3 |
---------------+----------+-----
Fighting       | 2 3 |  3.4
Spellcasting   | 2 |  2.7
Ranged Weapons | 2 |  2.2
Dodging        | |  1.7
Hexes          | |  2.6
Fire Magic     | |  0.8

Action                     |  1- 3 |  4- 6 || total
---------------------------+-------+-------++-------
  Melee: Sling             |       |     1 ||     1
   Fire: Sling             |   143 |   103 ||   246
    Use: Potion            |     2 |       ||     2
         Scroll            |       |     7 ||     7
 Armour: Robe              |    70 |    88 ||   158
  Dodge: Dodged            |    47 |    35 ||    82

Table legend: (Time is in decaauts)
 A = Elapsed time spent in this place.
 B = Non-inter-level travel time spent in this place.
 C = Inter-level travel time spent in this place.
 D = Time resting spent in this place.
 E = Time spent auto-exploring this place.
 F = Levels seen in this place.
 G = Mean time per level.
                   A        B        C        D        E       F      G
               +--------+--------+--------+--------+--------+-----+--------+
         Total |   2082 |   1946 |    136 |    153 |   1276 |   3 |  694.0 |
       Dungeon |   2082 |   1946 |    136 |    153 |   1276 |   3 |  694.0 |
               +--------+--------+--------+--------+--------+-----+--------+

Top non-repeatable levels by time:
     D:1: 1018 daAuts
     D:2: 956 daAuts
     D:3: 107 daAuts
